 Dungeon Crawl Stone Soup version 0.26.1-11-gd32895ea62 (webtiles) character file.

Game seed: 4706224140446000800

1080 vvl the Ruffian (level 8, -5/63 HPs)
             Began as a Black Draconian Transmuter on July 8, 2021.
             Was an Initiate of Nemelex Xobeh.
             Shot themself with an orb of electricity (12 damage)
             ... on level 5 of the Dungeon.
             The game lasted 00:12:36 (6684 turns).

vvl the Ruffian (Black Draconian Transmuter)        Turns: 6684, Time: 00:12:38

Health: -5/63      AC:  6    Str: 15    XL:     8   Next: 8%
Magic:  22/22      EV: 17    Int: 13    God:    Nemelex Xobeh [......]
Gold:   254        SH:  0    Dex: 12    Spells: 13/14 levels left

rFire    . . .     SeeInvis .   d - +1 short sword (speed)
rCold    . . .     Faith    .   (no shield)
rNeg     . . .     Spirit   .   (armour unavailable)
rPois    .         Reflect  .   (helmet restricted)
rElec    +         Harm     .   (no cloak)
rCorr    .         Rampage  .   (no gloves)
Will     .....                  (no boots)
Stlth    +.........             (no amulet)
HPRegen  0.20/turn              j - +4 ring of evasion
MPRegen  0.18/turn              p - ring of magical power

@: no status effects
A: breathe lightning, unfitting armour, electricity resistance, cold-blooded, AC
+6
a: Breathe Lightning, Renounce Religion, Draw Escape, Draw Destruction, Draw
Summoning


You were on level 5 of the Dungeon.
You worshipped Nemelex Xobeh.
Nemelex Xobeh was noncommittal.
You visited 2 branches of the dungeon, and saw 6 of its levels.

You collected 254 gold pieces.

Inventory:

Hand Weapons
 d - a +1 short sword of speed (weapon)
Armour
 b - a +0 kite shield
Jewellery
 j - a +4 ring of evasion (left hand)
 l - an uncursed ring of positive energy
 p - a ring of magical power (right hand)
 r - an uncursed ring of fire {unknown}
Scrolls
 a - 2 scrolls of amnesia {unknown}
 f - 2 scrolls of enchant armour {unknown}
 g - a scroll of remove curse
 k - a scroll of enchant weapon {unknown}
 m - 3 scrolls of blinking {unknown}
 q - a scroll of magic mapping {unknown}
 s - a scroll of identify
Potions
 c - a potion of brilliance {unknown}
 e - 2 potions of curing
 h - a potion of resistance {unknown}
 i - 3 potions of heal wounds {unknown}
 n - a potion of attraction
 o - a potion of invisibility {unknown}


   Skills:
 + Level 3.5 Fighting
 + Level 3.3 Dodging
 - Level 2.1 Shields
 * Level 5.6 Unarmed Combat
 + Level 3.5 Spellcasting
 + Level 4.6 Transmutations
 * Level 2.9 Air Magic
 * Level 1.2 Invocations


You had 13 spell levels left.
You knew the following spells:

 Your Spells              Type           Power        Failure   Level
a - Beastly Appendage     Tmut           28%          3%          1

Your spell library contained the following spells:

 Spells                   Type           Power        Failure   Level
 Wereblood                Tmut           14%          4%          2
 Spider Form              Tmut/Pois      4%           26%         3
 Ice Form                 Ice/Tmut       8%           63%         4
 Blade Hands              Tmut           7%           67%         5


Dungeon Overview and Level Annotations

Branches:
Dungeon (5/15)             Temple (1/1) D:5

Altars:
Ashenzari
Cheibriados
Dithmenos
Elyvilon
Fedhas
Gozag
Hepliaklqana
Kikubaaqudgha
Makhleb
Nemelex Xobeh
Okawaru
Qazlal
Ru
Sif Muna
Trog
Uskayaw
Vehumet
Wu Jian
Xom
Yredelemnul
Zin
The Shining One


Innate Abilities, Weirdness & Mutations

You can breathe wild blasts of lightning.
Your glossy black scales are hard. (AC +6)
You cannot fit into any form of body armour.
You are resistant to electric shocks. (rElec)
You are cold-blooded and may be slowed by cold attacks.


Message History

You feel agile.
A frilled lizard comes into view.
You are too injured to fight recklessly!
Your transformation is almost over.
There is a stone staircase leading up here.
You miss the frilled lizard. Your kick misses the frilled lizard.
The frilled lizard closely misses you.
You hit the frilled lizard.
You kill the frilled lizard!
There is a stone staircase leading up here.
Your horns disappear.
Your talons disappear.
You have got your breath back.
An ogre comes into view. It is wielding a +0 giant spiked club.
You breathe a wild blast of lightning!
The orb of electricity explodes!
The orb of electricity engulfs you! You resist.
* * * LOW HITPOINT WARNING * * *
The orb of electricity explodes!
The orb of electricity engulfs you! You resist.
You die...
Your body disappears without a glow.

##### #############
#>..
#..)..@.....####.####
#O#########.........#
#.# ######.##.## ###
#.# #.......#
###...#Y# #)#.......
........###
#.####..##
####.##...#
########.# ....# #8
#.#.#
#.....(รท.##.##.# #.
##.#.#
#..............#


You could see an ogre (wandering).

Vanquished Creatures
  Edmund (D:4)
  An ice beast (D:5)
  A phantom (D:5)
  3 ogres
  A centaur (D:5)
  A howler monkey (D:5)
  A hound (D:4)
  An orc priest (D:5)
  A bullfrog skeleton (D:5)
  2 iguanas (D:4)
  2 worker ants
  A worker ant zombie (D:5)
  4 gnolls (D:5)
  8 adders
  An ooze (D:1)
  An adder zombie (D:2)
  An adder skeleton (D:4)
  2 worms (D:2)
  3 dart slugs
  6 leopard geckos
  9 orcs
  8 bats
  4 giant cockroaches
  6 goblins
  9 hobgoblins
  2 jackals (D:3)
  A quokka (D:5)
  4 ball pythons
  7 frilled lizards
  9 kobolds
  4 rats
105 creatures vanquished.

Notes
Turn   | Place    | Note
-------+----------+-------------------------------------------
     0 | D:1      | vvl the Draconian Transmuter began the quest for the Orb.
     0 | D:1      | Reached XP level 1. HP: 16/16 MP: 3/3
   426 | D:1      | Reached XP level 2. HP: 23/23 MP: 5/5
  1211 | D:2      | Reached XP level 3. HP: 28/28 MP: 6/6
  1851 | D:2      | Reached XP level 4. HP: 36/36 MP: 7/7
  2691 | D:3      | Reached skill level 1 in Shields
  3580 | D:4      | Noticed an ogre
  3589 | D:4      | Killed an ogre
  3590 | D:4      | Reached skill level 4 in Unarmed Combat
  3590 | D:4      | Reached XP level 5. HP: 3/41 MP: 9/9
  4062 | D:4      | Noticed Edmund
  4095 | D:4      | Reached XP level 6. HP: 32/49 MP: 10/10
  4132 | D:4      | Killed Edmund
  4615 | D:4      | Your scales start taking on a glossy black colour.
  4615 | D:4      | Reached XP level 7. HP: 16/56 MP: 11/11
  4615 | D:4      | Gained mutation: You are resistant to electric shocks.
                  | (rElec) [Black Draconian growth]
  5092 | D:4      | Found a snail-covered altar of Cheibriados.
  5344 | D:5      | Entered Level 5 of the Dungeon
  5378 | D:5      | Found a stormy altar of Qazlal.
  5385 | D:5      | Reached skill level 5 in Unarmed Combat
  5399 | D:5      | Reached skill level 1 in Air Magic
  6113 | D:5      | Found a staircase to the Ecumenical Temple.
  6130 | Temple   | Entered the Ecumenical Temple
  6492 | Temple   | Became a worshipper of Nemelex Xobeh the Trickster
  6637 | D:5      | Reached skill level 1 in Invocations
  6637 | D:5      | Reached XP level 8. HP: 7/63 MP: 13/13
  6684 | D:5      | Shot themself with an orb of electricity

Illustrated notes

Levels and vault maps discovered:
D:1:      dpeg_arrival_arbitrary_c, layout_basic
D:2:      layout_loops_ring, guppyfry_early_orc_mine
D:3:      layout_loops_ring
D:4:      layout_cave_pods, cheibriados_altar_1, uniq_edmund
D:5:      minmay_inner_zag, layout_loops_cross, minmay_temple_entry_arrows,
          grunt_ministairs_8, nicolae_qazlal_style_of_elements
Temple:   compressed_dpeg_triangle_lava_temple

Skill      XL: |  1  2  3  4  5  6  7 |
---------------+----------------------+-----
Dodging        | 2 3 |  3.3
Fighting       | 2 3 |  3.5
Shields        | 1 2 |  2.1
Transmutations | 3 4 |  4.6
Unarmed Combat | 4 5 |  5.6
Spellcasting   | 3 |  3.5
Air Magic      | 2 |  2.9
Invocations    | 1 |  1.2

Action                   |  1- 3 |  4- 6 |  7- 9 || total
-------------------------+-------+-------+-------++-------
Melee: Unarmed           |    25 |    24 |       ||    49
       Headbutt          |     5 |    12 |    11 ||    28
       Tailslap          |     9 |    26 |    16 ||    51
       Kick              |     4 |    22 |    18 ||    44
       Short sword       |   108 |   192 |   112 ||   412
       Punch             |       |     1 |     2 ||     3
 Cast: Beastly Appendage |     3 |    14 |     7 ||    24
 Abil: Breathe Lightning |       |       |     3 ||     3
  Use: Scroll            |       |     5 |       ||     5
       Potion            |       |     1 |       ||     1
 Stab: Sleeping          |     1 |       |       ||     1
Armor: Skin              |    36 |    40 |    13 ||    89
Dodge: Dodged            |    60 |    99 |    81 ||   240
Block: Kite shield       |    37 |    30 |       ||    67
